Thrashers vs Flames

Created - October 30 2010 at 10:57

Goals
1 2 3 OT1 T
Thrashers 2 1 0 1 4
Flames 2 1 0 0 3
Shots
1 2 3 OT1 T
Thrashers 10 8 5 1 24
Flames 7 4 15 1 27

Period #1

1. Thrashers , Ryan Callahan 3 (Rene Bourque, Mike Ribeiro) at 8:01
2. Thrashers , Ryan Callahan 4 (Christian Ehrhoff, Mike Ribeiro) at 8:41
3. Flames , Henrik Sedin 6 (Dan Boyle) at 9:00
4. Flames , Daniel Sedin 2 (Mark Streit, Henrik Sedin) at 15:24 (PP)

Penalties :
Ryan Callahan (ATL) for Hooking (Minor) at 3:09, Matt Cullen (CGY) for High sticking (Minor) at 11:46, Dan Girardi (ATL) for High sticking (Minor) at 14:40, Rob Schremp (CGY) for Slashing (Minor) at 17:56

Period #2

5. Thrashers , Jordan Staal 1 (Ryan Malone, Dan Girardi) at 17:11
6. Flames , Marco Sturm 5 (Henrik Sedin) at 19:05 (PP)

Penalties :
Marc Staal (ATL) for Slashing (Minor) at 2:57, Ryan Malone (ATL) for Hooking (Minor) at 7:33, Drew Stafford (CGY) for Checking from behind (Major / Game Misconduct) at 11:52, Marco Sturm (CGY) for Holding (Minor) at 12:25, Mark Giordano (ATL) for Roughing (Minor) at 18:57

Period #3

No Goal

Penalties :
Jordan Staal (ATL) for Holding (Minor) at 0:38, Marc Staal (ATL) for Hooking (Minor) at 4:26, Kristopher Letang (CGY) for Slashing (Minor) at 8:21, Christian Ehrhoff (ATL) for Close Hand On Puck (Minor) at 10:59, Marc Staal (ATL) for Hooking (Minor) at 19:58

Overtime #1

7. Thrashers , Mike Ribeiro 6 (Mark Giordano, Dan Girardi) at 3:27

Penalties :
No Penalty

Goalie Stats

Roberto Luongo (ATL), 24 saves from 27 shots - (0.889), W, 6-6-0, 63:28 minutes
Evgeni Nabokov (CGY), 20 saves from 24 shots - (0.833), OTL, 3-5-1, 63:28 minutes

Players Stats

Thrashers
Player Name              G  A  P  +/- PIM S  H  SB FO    MP 
------------------------------------------------------------
Antoine Vermette         0  0  0   0  0   2  1  1  13/18 23 
Benoit Pouliot           0  0  0  -1  0   2  0  0  0/1   20 
Brad Boyes               0  0  0   0  0   0  0  0  0/1   9  
Brenden Morrow           0  0  0   0  0   1  1  0  5/8   18 
Brian Rolston            0  0  0   0  0   0  0  0  0/0   1  
Christian Ehrhoff        0  1  1   2  2   2  0  3  0/0   21 
Dan Girardi              0  2  2   4  2   0  1  3  0/0   22 
James Wisniewski         0  0  0   0  0   0  0  0  0/0   0  
Jordan Staal             1  0  1   0  2   1  1  0  4/13  19 
Marc Staal               0  0  0   1  6   0  7  0  0/0   17 
Mark Giordano            0  1  1   0  2   1  2  3  0/0   22 
Mike Ribeiro             1  2  3   3  0   1  4  0  16/27 21 
Nik Antropov             0  0  0   1  0   1  1  1  7/15  20 
Rene Bourque             0  1  1   2  0   6  0  0  0/0   16 
Ryan Callahan            2  0  2   2  2   3  5  0  0/1   16 
Ryan Malone              0  1  1   1  2   2  2  1  0/0   12 
Ryan Suter               0  0  0   0  0   1  2  0  0/0   18 
Sergei Gonchar           0  0  0  -1  0   1  0  1  0/0   25 
Flames
Player Name              G  A  P  +/- PIM S  H  SB FO    MP 
------------------------------------------------------------
Alex Steen               0  0  0  -1  0   3  1  0  0/0   21 
Dan Boyle                0  1  1   0  0   2  0  2  0/0   24 
Daniel Sedin             1  0  1  -1  0   5  0  0  7/16  24 
Drew Stafford            0  0  0  -1  15  0  1  0  3/11  9  
Erik Johnson             0  0  0  -2  0   2  0  1  0/0   22 
Henrik Sedin             1  2  3   0  0   1  1  1  18/30 25 
Jack Johnson             0  0  0  -2  0   1  0  2  0/0   20 
Josh Gorges              0  0  0  -1  0   0  1  0  0/0   19 
Kristopher Letang        0  0  0  -1  2   0  1  0  0/0   17 
Marco Sturm              1  0  1  -2  2   3  3  0  1/2   23 
Mark Streit              0  1  1   0  0   0  0  0  0/0   24 
Matt Cullen              0  0  0  -1  2   5  2  1  9/22  22 
Maxim Lapierre           0  0  0   0  0   0  0  0  0/1   2  
Oskars Bartulis          0  0  0   0  0   0  0  0  0/0   2  
Owen Nolan               0  0  0  -2  0   0  0  0  0/1   12 
Rob Schremp              0  0  0  -1  2   2  1  0  0/0   16 
Rostislav Olesz          0  0  0   0  0   0  0  0  0/0   6  
Steve Downie             0  0  0   1  0   3  1  0  1/1   15 

3 Stars

1 - Mike Ribeiro (ATL)
2 - Ryan Callahan (ATL)
3 - Henrik Sedin (CGY)

Power Play

Thrashers - 0 on 5 Attempt(s) - 0.00%
Flames - 2 on 9 Attempt(s) - 22.22%

Penalty Kill

Thrashers - 7 on 9 Attempt(s) - 77.78% - Score 0 goal in Penalty Kill
Flames - 5 on 5 Attempt(s) - 100.00% - Score 0 goal in Penalty Kill

Game Notes

Drew Stafford ejected from game at 11:52 of 2nd period
Drew Stafford from Flames is suspended for 1 game(s)

Finance

Level 1 -- Attendance: 5945 (91.46%) -- Ticket Income $445,875.00
Level 2 -- Attendance: 4656 (93.12%) -- Ticket Income $232,800.00
Level 3 -- Attendance: 3117 (89.06%) -- Ticket Income $93,510.00
Level 4 -- Attendance: 2347 (71.36%) -- Ticket Income $46,940.00
Luxury Box -- Attendance: 934 (93.40%) -- Ticket Income $140,100.00
Game was played at the ScotiaBank Saddledome
Total Attendance: 16999 (88.13%)
Total Ticket Income: $1,019,078.00
Other Income: $183,498.30
Total Income: $1,202,576.00


Play by Play

Period #1

0:01 of 1st period - Henrik Sedin wins face-off versus Antoine Vermette in neutral zone.
1:29 of 1st period - Daniel Sedin is hit by Ryan Callahan and loses puck.
2:07 of 1st period - Alex Steen is hit by Mark Giordano and loses puck.
2:10 of 1st period - Shot by Matt Cullen.
2:10 of 1st period - Shot Blocked by Ryan Malone.
2:12 of 1st period - Shot by Josh Gorges.
2:12 of 1st period - Shot Misses the Net.
2:16 of 1st period - Shot by Rob Schremp.
2:16 of 1st period - Stopped by Roberto Luongo without a rebound.
2:17 of 1st period - Mike Ribeiro wins face-off versus Matt Cullen in Thrashers zone.
2:23 of 1st period - Matt Cullen is hit by Brenden Morrow and loses puck.
3:09 of 1st period - Minor Penalty to Ryan Callahan for Hooking.
3:10 of 1st period - Brenden Morrow wins face-off versus Drew Stafford in Thrashers zone.
3:27 of 1st period - Shot by Steve Downie.
3:27 of 1st period - Shot Misses the Net.
3:41 of 1st period - Shot by Erik Johnson.
3:41 of 1st period - Shot Misses the Net.
4:10 of 1st period - Maxim Lapierre is hit by Marc Staal.
4:20 of 1st period - Shot by Matt Cullen.
4:20 of 1st period - Stopped by Roberto Luongo without a rebound.
4:21 of 1st period - Nik Antropov wins face-off versus Drew Stafford in Thrashers zone.
4:32 of 1st period - Shot by Erik Johnson.
4:32 of 1st period - Deflect By Alex Steen.
4:32 of 1st period - Stopped by Roberto Luongo without a rebound.
4:33 of 1st period - Henrik Sedin wins face-off versus Brenden Morrow in Thrashers zone.
4:41 of 1st period - Shot by Dan Boyle.
4:41 of 1st period - Shot Misses the Net.
4:43 of 1st period - Shot by Dan Boyle.
4:43 of 1st period - Shot Blocked by Dan Girardi.
4:45 of 1st period - Shot by Dan Boyle.
4:45 of 1st period - Deflect By Daniel Sedin.
4:45 of 1st period - Shot Blocked by Christian Ehrhoff.
5:28 of 1st period - Shot by Ryan Malone.
5:28 of 1st period - Stopped by Evgeni Nabokov without a rebound.
5:29 of 1st period - Drew Stafford wins face-off versus Mike Ribeiro in Flames zone.
5:48 of 1st period - Shot by Rene Bourque.
5:48 of 1st period - Stopped by Evgeni Nabokov without a rebound.
5:49 of 1st period - Steve Downie wins face-off versus Nik Antropov in Flames zone.
6:03 of 1st period - Icing by Mark Streit.
6:04 of 1st period - Mike Ribeiro wins face-off versus Henrik Sedin in Flames zone.
6:41 of 1st period - Sergei Gonchar is hit by Drew Stafford and loses puck.
7:10 of 1st period - Shot by Ryan Malone.
7:10 of 1st period - Stopped by Evgeni Nabokov with a rebound.
7:55 of 1st period - Shot by Mike Ribeiro.
7:55 of 1st period - Shot Misses the Net.
7:59 of 1st period - Shot by Ryan Callahan.
7:59 of 1st period - Shot Misses the Net.
8:01 of 1st period - Shot by Rene Bourque.
8:01 of 1st period - Deflect By Ryan Callahan.
8:01 of 1st period - Goal by Ryan Callahan - Thrashers : 1 - Flames : 0.
8:02 of 1st period - Henrik Sedin wins face-off versus Jordan Staal in neutral zone.
8:16 of 1st period - Shot by Brenden Morrow.
8:16 of 1st period - Stopped by Evgeni Nabokov without a rebound.
8:17 of 1st period - Drew Stafford wins face-off versus Mike Ribeiro in Flames zone.
8:41 of 1st period - Shot by Ryan Callahan.
8:41 of 1st period - Goal by Ryan Callahan - Thrashers : 2 - Flames : 0.
8:42 of 1st period - Daniel Sedin wins face-off versus Benoit Pouliot in neutral zone.
8:45 of 1st period - Sergei Gonchar is hit by Steve Downie and loses puck.
9:00 of 1st period - Shot by Henrik Sedin.
9:00 of 1st period - Goal by Henrik Sedin - Thrashers : 2 - Flames : 1.
9:01 of 1st period - Matt Cullen wins face-off versus Mike Ribeiro in neutral zone.
9:01 of 1st period - Alex Steen is hit by Mike Ribeiro.
9:24 of 1st period - Icing by Josh Gorges.
9:25 of 1st period - Matt Cullen wins face-off versus Antoine Vermette in Flames zone.
9:25 of 1st period - Matt Cullen is hit by Ryan Callahan.
9:28 of 1st period - Icing by Rob Schremp.
9:29 of 1st period - Matt Cullen wins face-off versus Nik Antropov in Flames zone.
9:31 of 1st period - Alex Steen is hit by Ryan Malone and loses puck.
9:51 of 1st period - Shot by Daniel Sedin.
9:51 of 1st period - Stopped by Roberto Luongo without a rebound.
9:52 of 1st period - Mike Ribeiro wins face-off versus Drew Stafford in Thrashers zone.
9:59 of 1st period - Shot by Ryan Callahan.
9:59 of 1st period - Deflect By Rene Bourque.
9:59 of 1st period - Shot Blocked by Jack Johnson.
10:01 of 1st period - Shot by Dan Girardi.
10:01 of 1st period - Shot Misses the Net.
10:03 of 1st period - Shot by Ryan Callahan.
10:03 of 1st period - Deflect By Rene Bourque.
10:03 of 1st period - Stopped by Evgeni Nabokov without a rebound.
10:04 of 1st period - Antoine Vermette wins face-off versus Daniel Sedin in Flames zone.
10:49 of 1st period - Off-side.
10:50 of 1st period - Drew Stafford wins face-off versus Nik Antropov in neutral zone.
10:50 of 1st period - Drew Stafford is hit by Ryan Malone.
11:40 of 1st period - Christian Ehrhoff is hit by Marco Sturm and loses puck.
11:46 of 1st period - Minor Penalty to Matt Cullen for High sticking.
11:47 of 1st period - Mike Ribeiro wins face-off versus Daniel Sedin in Flames zone.
11:56 of 1st period - Shot by Ryan Callahan.
11:56 of 1st period - Shot Blocked by Dan Boyle.
12:00 of 1st period - Shot by Sergei Gonchar.
12:00 of 1st period - Stopped by Evgeni Nabokov without a rebound.
12:01 of 1st period - Nik Antropov wins face-off versus Henrik Sedin in Flames zone.
13:48 of 1st period - Icing by Marc Staal.
13:49 of 1st period - Mike Ribeiro wins face-off versus Matt Cullen in Thrashers zone.
13:58 of 1st period - Shot by Matt Cullen.
13:58 of 1st period - Stopped by Roberto Luongo with a rebound.
14:33 of 1st period - Icing by Marc Staal.
14:34 of 1st period - Henrik Sedin wins face-off versus Mike Ribeiro in Thrashers zone.
14:40 of 1st period - Minor Penalty to Dan Girardi for High sticking.
14:41 of 1st period - Antoine Vermette wins face-off versus Drew Stafford in Thrashers zone.
15:24 of 1st period - Shot by Daniel Sedin.
15:24 of 1st period - Goal by Daniel Sedin - Thrashers : 2 - Flames : 2.
15:25 of 1st period - Nik Antropov wins face-off versus Henrik Sedin in neutral zone.
15:44 of 1st period - Icing by Mark Giordano.
15:45 of 1st period - Nik Antropov wins face-off versus Matt Cullen in Thrashers zone.
15:52 of 1st period - Shot by Ryan Malone.
15:52 of 1st period - Shot Blocked by Henrik Sedin.
15:56 of 1st period - Shot by Benoit Pouliot.
15:56 of 1st period - Stopped by Evgeni Nabokov without a rebound.
15:57 of 1st period - Mike Ribeiro wins face-off versus Drew Stafford in Flames zone.
16:10 of 1st period - Christian Ehrhoff is hit by Marco Sturm and loses puck.
16:51 of 1st period - Shot by Daniel Sedin.
16:51 of 1st period - Deflect By Steve Downie.
16:51 of 1st period - Shot Blocked by Mark Giordano.
17:43 of 1st period - Shot by Rob Schremp.
17:43 of 1st period - Shot Blocked by Mark Giordano.
17:56 of 1st period - Minor Penalty to Rob Schremp for Slashing.
17:57 of 1st period - Matt Cullen wins face-off versus Nik Antropov in Flames zone.
19:10 of 1st period - Off-side.
19:11 of 1st period - Matt Cullen wins face-off versus Brad Boyes in neutral zone.
19:38 of 1st period - Shot by Christian Ehrhoff.
19:38 of 1st period - Stopped by Evgeni Nabokov without a rebound.
19:39 of 1st period - Mike Ribeiro wins face-off versus Daniel Sedin in Flames zone.

Period #2

0:01 of 2nd period - Antoine Vermette wins face-off versus Henrik Sedin in neutral zone.
0:08 of 2nd period - Icing by Henrik Sedin.
0:09 of 2nd period - Mike Ribeiro wins face-off versus Henrik Sedin in Flames zone.
0:18 of 2nd period - Shot by Mike Ribeiro.
0:18 of 2nd period - Deflect By Rene Bourque.
0:18 of 2nd period - Stopped by Evgeni Nabokov without a rebound.
0:19 of 2nd period - Matt Cullen wins face-off versus Jordan Staal in Flames zone.
0:19 of 2nd period - Matt Cullen is hit by Jordan Staal.
0:31 of 2nd period - Shot by Josh Gorges.
0:31 of 2nd period - Deflect By Rob Schremp.
0:31 of 2nd period - Shot Misses the Net.
1:41 of 2nd period - Shot by Rene Bourque.
1:41 of 2nd period - Stopped by Evgeni Nabokov with a rebound.
2:35 of 2nd period - Icing by Dan Boyle.
2:36 of 2nd period - Henrik Sedin wins face-off versus Mike Ribeiro in Flames zone.
2:56 of 2nd period - Rob Schremp is hit by Marc Staal and loses puck.
2:57 of 2nd period - Minor Penalty to Marc Staal for Slashing.
2:58 of 2nd period - Antoine Vermette wins face-off versus Drew Stafford in Thrashers zone.
3:11 of 2nd period - Shot by Steve Downie.
3:11 of 2nd period - Shot Misses the Net.
3:25 of 2nd period - Shot by Alex Steen.
3:25 of 2nd period - Shot Misses the Net.
3:27 of 2nd period - Shot by Erik Johnson.
3:27 of 2nd period - Stopped by Roberto Luongo without a rebound.
3:28 of 2nd period - Brenden Morrow wins face-off versus Drew Stafford in Thrashers zone.
4:59 of 2nd period - Shot by Benoit Pouliot.
4:59 of 2nd period - Shot Misses the Net.
5:03 of 2nd period - Shot by Nik Antropov.
5:03 of 2nd period - Stopped by Evgeni Nabokov with a rebound.
5:05 of 2nd period - Shot by Ryan Malone.
5:05 of 2nd period - Shot Misses the Net.
5:48 of 2nd period - Marc Staal is hit by Rob Schremp and loses puck.
7:28 of 2nd period - Shot by Nik Antropov.
7:28 of 2nd period - Shot Misses the Net.
7:33 of 2nd period - Minor Penalty to Ryan Malone for Hooking.
7:34 of 2nd period - Antoine Vermette wins face-off versus Drew Stafford in Thrashers zone.
8:33 of 2nd period - Shot by Matt Cullen.
8:33 of 2nd period - Shot Blocked by Christian Ehrhoff.
8:35 of 2nd period - Shot by Josh Gorges.
8:35 of 2nd period - Shot Misses the Net.
9:32 of 2nd period - Shot by Henrik Sedin.
9:32 of 2nd period - Shot Misses the Net.
9:46 of 2nd period - Shot by Antoine Vermette.
9:46 of 2nd period - Deflect By Benoit Pouliot.
9:46 of 2nd period - Stopped by Evgeni Nabokov without a rebound.
9:47 of 2nd period - Henrik Sedin wins face-off versus Jordan Staal in Flames zone.
10:14 of 2nd period - Shot by Henrik Sedin.
10:14 of 2nd period - Shot Blocked by Antoine Vermette.
11:22 of 2nd period - Alex Steen is hit by Mike Ribeiro and loses puck.
11:46 of 2nd period - Marco Sturm is hit by Marc Staal and loses puck.
11:52 of 2nd period - Major / Game Misconduct Penalty to Drew Stafford for Checking from behind.
11:52 of 2nd period - Drew Stafford is ejected from game.
11:53 of 2nd period - Daniel Sedin wins face-off versus Antoine Vermette in Flames zone.
11:53 of 2nd period - Daniel Sedin is hit by Ryan Callahan.
12:25 of 2nd period - Minor Penalty to Marco Sturm for Holding.
12:26 of 2nd period - Henrik Sedin wins face-off versus Nik Antropov in Flames zone.
12:35 of 2nd period - Shot by Brenden Morrow.
12:35 of 2nd period - Shot Misses the Net.
12:37 of 2nd period - Shot by Benoit Pouliot.
12:37 of 2nd period - Shot Misses the Net.
12:39 of 2nd period - Shot by Christian Ehrhoff.
12:39 of 2nd period - Stopped by Evgeni Nabokov without a rebound.
12:40 of 2nd period - Jordan Staal wins face-off versus Daniel Sedin in Flames zone.
14:25 of 2nd period - Shot by Sergei Gonchar.
14:25 of 2nd period - Shot Blocked by Erik Johnson.
14:29 of 2nd period - Shot by Marc Staal.
14:29 of 2nd period - Deflect By Antoine Vermette.
14:29 of 2nd period - Stopped by Evgeni Nabokov without a rebound.
14:30 of 2nd period - Daniel Sedin wins face-off versus Ryan Callahan in Flames zone.
16:16 of 2nd period - Shot by Antoine Vermette.
16:16 of 2nd period - Stopped by Evgeni Nabokov without a rebound.
16:17 of 2nd period - Matt Cullen wins face-off versus Mike Ribeiro in Flames zone.
16:17 of 2nd period - Matt Cullen is hit by Ryan Callahan.
16:57 of 2nd period - Shot by Jack Johnson.
16:57 of 2nd period - Shot Blocked by Dan Girardi.
17:11 of 2nd period - Shot by Jordan Staal.
17:11 of 2nd period - Goal by Jordan Staal - Thrashers : 3 - Flames : 2.
17:12 of 2nd period - Matt Cullen wins face-off versus Nik Antropov in neutral zone.
17:19 of 2nd period - Off-side.
17:20 of 2nd period - Henrik Sedin wins face-off versus Jordan Staal in neutral zone.
17:29 of 2nd period - Shot by Daniel Sedin.
17:29 of 2nd period - Shot Misses the Net.
17:31 of 2nd period - Shot by Daniel Sedin.
17:31 of 2nd period - Stopped by Roberto Luongo with a rebound.
17:33 of 2nd period - Shot by Dan Boyle.
17:33 of 2nd period - Shot Blocked by Dan Girardi.
18:01 of 2nd period - Shot by Rob Schremp.
18:01 of 2nd period - Shot Misses the Net.
18:41 of 2nd period - Dan Girardi is hit by Kristopher Letang and loses puck.
18:57 of 2nd period - Minor Penalty to Mark Giordano for Roughing.
18:58 of 2nd period - Henrik Sedin wins face-off versus Brenden Morrow in Thrashers zone.
19:01 of 2nd period - Shot by Marco Sturm.
19:01 of 2nd period - Shot Misses the Net.
19:05 of 2nd period - Shot by Marco Sturm.
19:05 of 2nd period - Goal by Marco Sturm - Thrashers : 3 - Flames : 3.
19:06 of 2nd period - Henrik Sedin wins face-off versus Mike Ribeiro in neutral zone.
19:08 of 2nd period - Erik Johnson is hit by Marc Staal and loses puck.
19:12 of 2nd period - Icing by Marc Staal.
19:13 of 2nd period - Daniel Sedin wins face-off versus Mike Ribeiro in Thrashers zone.
19:13 of 2nd period - Marco Sturm is hit by Marc Staal and loses puck.
19:26 of 2nd period - Shot by Marco Sturm.
19:26 of 2nd period - Stopped by Roberto Luongo without a rebound.
19:27 of 2nd period - Mike Ribeiro wins face-off versus Henrik Sedin in Thrashers zone.

Period #3

0:01 of 3rd period - Henrik Sedin wins face-off versus Jordan Staal in neutral zone.
0:28 of 3rd period - Shot by Jordan Staal.
0:28 of 3rd period - Shot Misses the Net.
0:38 of 3rd period - Minor Penalty to Jordan Staal for Holding.
0:39 of 3rd period - Brenden Morrow wins face-off versus Matt Cullen in Thrashers zone.
0:50 of 3rd period - Shot by Alex Steen.
0:50 of 3rd period - Deflect By Steve Downie.
0:50 of 3rd period - Stopped by Roberto Luongo with a rebound.
0:52 of 3rd period - Shot by Jack Johnson.
0:52 of 3rd period - Shot Blocked by Nik Antropov.
0:54 of 3rd period - Shot by Jack Johnson.
0:54 of 3rd period - Stopped by Roberto Luongo with a rebound.
0:56 of 3rd period - Shot by Erik Johnson.
0:56 of 3rd period - Shot Misses the Net.
0:58 of 3rd period - Shot by Matt Cullen.
0:58 of 3rd period - Stopped by Roberto Luongo without a rebound.
0:59 of 3rd period - Antoine Vermette wins face-off versus Henrik Sedin in Thrashers zone.
1:23 of 3rd period - Shot by Jack Johnson.
1:23 of 3rd period - Shot Misses the Net.
1:47 of 3rd period - Shot by Daniel Sedin.
1:47 of 3rd period - Shot Misses the Net.
1:49 of 3rd period - Shot by Dan Boyle.
1:49 of 3rd period - Stopped by Roberto Luongo without a rebound.
1:50 of 3rd period - Antoine Vermette wins face-off versus Henrik Sedin in Thrashers zone.
2:45 of 3rd period - Rob Schremp is hit by Mark Giordano and loses puck.
2:50 of 3rd period - Shot by Alex Steen.
2:50 of 3rd period - Stopped by Roberto Luongo without a rebound.
2:51 of 3rd period - Mike Ribeiro wins face-off versus Matt Cullen in Thrashers zone.
2:57 of 3rd period - Icing by Erik Johnson.
2:58 of 3rd period - Mike Ribeiro wins face-off versus Matt Cullen in Flames zone.
3:04 of 3rd period - Icing by Jack Johnson.
3:05 of 3rd period - Nik Antropov wins face-off versus Owen Nolan in Flames zone.
3:08 of 3rd period - Shot by Nik Antropov.
3:08 of 3rd period - Deflect By Ryan Malone.
3:08 of 3rd period - Shot Misses the Net.
3:32 of 3rd period - Icing by Mark Giordano.
3:33 of 3rd period - Nik Antropov wins face-off versus Matt Cullen in Thrashers zone.
3:47 of 3rd period - Shot by Benoit Pouliot.
3:47 of 3rd period - Shot Blocked by Matt Cullen.
4:05 of 3rd period - Shot by Ryan Callahan.
4:05 of 3rd period - Stopped by Evgeni Nabokov without a rebound.
4:06 of 3rd period - Daniel Sedin wins face-off versus Mike Ribeiro in Flames zone.
4:06 of 3rd period - Daniel Sedin is hit by Mike Ribeiro.
4:26 of 3rd period - Minor Penalty to Marc Staal for Hooking.
4:27 of 3rd period - Antoine Vermette wins face-off versus Daniel Sedin in Thrashers zone.
5:10 of 3rd period - Shot by Dan Boyle.
5:10 of 3rd period - Deflect By Marco Sturm.
5:10 of 3rd period - Stopped by Roberto Luongo without a rebound.
5:11 of 3rd period - Henrik Sedin wins face-off versus Antoine Vermette in Thrashers zone.
6:14 of 3rd period - Shot by Steve Downie.
6:14 of 3rd period - Stopped by Roberto Luongo with a rebound.
6:47 of 3rd period - Icing by Rene Bourque.
6:48 of 3rd period - Mike Ribeiro wins face-off versus Henrik Sedin in Thrashers zone.
7:07 of 3rd period - Shot by Henrik Sedin.
7:07 of 3rd period - Shot Misses the Net.
7:25 of 3rd period - Benoit Pouliot is hit by Henrik Sedin and loses puck.
7:35 of 3rd period - Icing by Ryan Malone.
7:36 of 3rd period - Nik Antropov wins face-off versus Matt Cullen in Thrashers zone.
7:47 of 3rd period - Shot by Mark Giordano.
7:47 of 3rd period - Shot Misses the Net.
7:49 of 3rd period - Shot by Ryan Malone.
7:49 of 3rd period - Shot Misses the Net.
7:53 of 3rd period - Shot by Nik Antropov.
7:53 of 3rd period - Shot Misses the Net.
8:03 of 3rd period - Brian Rolston is hit by Alex Steen and loses puck.
8:21 of 3rd period - Minor Penalty to Kristopher Letang for Slashing.
8:22 of 3rd period - Mike Ribeiro wins face-off versus Daniel Sedin in Flames zone.
8:31 of 3rd period - Shot by Mike Ribeiro.
8:31 of 3rd period - Shot Blocked by Dan Boyle.
8:33 of 3rd period - Shot by Ryan Callahan.
8:33 of 3rd period - Shot Misses the Net.
8:35 of 3rd period - Shot by Rene Bourque.
8:35 of 3rd period - Shot Misses the Net.
10:20 of 3rd period - Icing by Brenden Morrow.
10:21 of 3rd period - Mike Ribeiro wins face-off versus Daniel Sedin in Thrashers zone.
10:38 of 3rd period - Shot by Alex Steen.
10:38 of 3rd period - Stopped by Roberto Luongo without a rebound.
10:39 of 3rd period - Henrik Sedin wins face-off versus Nik Antropov in Thrashers zone.
10:51 of 3rd period - Daniel Sedin is hit by Ryan Suter and loses puck.
10:59 of 3rd period - Minor Penalty to Christian Ehrhoff for Close Hand On Puck.
11:00 of 3rd period - Antoine Vermette wins face-off versus Henrik Sedin in Thrashers zone.
11:19 of 3rd period - Shot by Jack Johnson.
11:19 of 3rd period - Shot Misses the Net.
11:29 of 3rd period - Shot by Steve Downie.
11:29 of 3rd period - Shot Misses the Net.
11:43 of 3rd period - Shot by Dan Boyle.
11:43 of 3rd period - Stopped by Roberto Luongo without a rebound.
11:44 of 3rd period - Brenden Morrow wins face-off versus Matt Cullen in Thrashers zone.
11:58 of 3rd period - Icing by Dan Boyle.
11:59 of 3rd period - Brenden Morrow wins face-off versus Matt Cullen in Flames zone.
12:12 of 3rd period - Shot by Dan Boyle.
12:12 of 3rd period - Shot Misses the Net.
12:31 of 3rd period - Icing by Jack Johnson.
12:32 of 3rd period - Antoine Vermette wins face-off versus Maxim Lapierre in Flames zone.
12:45 of 3rd period - Shot by Erik Johnson.
12:45 of 3rd period - Shot Blocked by Sergei Gonchar.
13:01 of 3rd period - Shot by Henrik Sedin.
13:01 of 3rd period - Shot Misses the Net.
13:07 of 3rd period - Matt Cullen is hit by Ryan Callahan and loses puck.
13:12 of 3rd period - Shot by Rene Bourque.
13:12 of 3rd period - Stopped by Evgeni Nabokov without a rebound.
13:13 of 3rd period - Daniel Sedin wins face-off versus Nik Antropov in Flames zone.
13:28 of 3rd period - Shot by Rob Schremp.
13:28 of 3rd period - Stopped by Roberto Luongo without a rebound.
13:29 of 3rd period - Henrik Sedin wins face-off versus Mike Ribeiro in Thrashers zone.
13:44 of 3rd period - Shot by Henrik Sedin.
13:44 of 3rd period - Shot Misses the Net.
14:34 of 3rd period - Ryan Malone is hit by Marco Sturm and loses puck.
14:43 of 3rd period - Shot by Mark Giordano.
14:43 of 3rd period - Shot Blocked by Jack Johnson.
14:45 of 3rd period - Shot by Ryan Suter.
14:45 of 3rd period - Shot Misses the Net.
14:47 of 3rd period - Shot by Ryan Suter.
14:47 of 3rd period - Stopped by Evgeni Nabokov with a rebound.
15:02 of 3rd period - Icing by Marc Staal.
15:03 of 3rd period - Mike Ribeiro wins face-off versus Matt Cullen in Thrashers zone.
15:03 of 3rd period - Mike Ribeiro is hit by Matt Cullen.
15:22 of 3rd period - Icing by Kristopher Letang.
15:23 of 3rd period - Antoine Vermette wins face-off versus Matt Cullen in Flames zone.
15:36 of 3rd period - Dan Girardi is hit by Matt Cullen and loses puck.
15:48 of 3rd period - Ryan Callahan is hit by Josh Gorges and loses puck.
16:09 of 3rd period - Shot by Daniel Sedin.
16:09 of 3rd period - Stopped by Roberto Luongo without a rebound.
16:10 of 3rd period - Jordan Staal wins face-off versus Daniel Sedin in Thrashers zone.
17:08 of 3rd period - Shot by Rene Bourque.
17:08 of 3rd period - Stopped by Evgeni Nabokov without a rebound.
17:09 of 3rd period - Mike Ribeiro wins face-off versus Daniel Sedin in Flames zone.
17:13 of 3rd period - Icing by Marco Sturm.
17:14 of 3rd period - Henrik Sedin wins face-off versus Mike Ribeiro in Flames zone.
17:28 of 3rd period - Henrik Sedin is hit by Dan Girardi and loses puck.
17:55 of 3rd period - Matt Cullen is hit by Mike Ribeiro and loses puck.
18:04 of 3rd period - Shot by Alex Steen.
18:04 of 3rd period - Deflect By Matt Cullen.
18:04 of 3rd period - Shot Misses the Net.
18:06 of 3rd period - Shot by Josh Gorges.
18:06 of 3rd period - Deflect By Matt Cullen.
18:06 of 3rd period - Stopped by Roberto Luongo without a rebound.
18:07 of 3rd period - Jordan Staal wins face-off versus Henrik Sedin in Thrashers zone.
18:14 of 3rd period - Shot by Daniel Sedin.
18:14 of 3rd period - Shot Blocked by Mark Giordano.
18:30 of 3rd period - Shot by Steve Downie.
18:30 of 3rd period - Stopped by Roberto Luongo without a rebound.
18:31 of 3rd period - Matt Cullen wins face-off versus Jordan Staal in Thrashers zone.
18:32 of 3rd period - Shot by Erik Johnson.
18:32 of 3rd period - Stopped by Roberto Luongo with a rebound.
18:34 of 3rd period - Shot by Matt Cullen.
18:34 of 3rd period - Stopped by Roberto Luongo without a rebound.
18:35 of 3rd period - Jordan Staal wins face-off versus Matt Cullen in Thrashers zone.
19:04 of 3rd period - Shot by Mark Giordano.
19:04 of 3rd period - Stopped by Evgeni Nabokov without a rebound.
19:05 of 3rd period - Marco Sturm wins face-off versus Jordan Staal in Flames zone.
19:05 of 3rd period - Daniel Sedin is hit by Nik Antropov and loses puck.
19:11 of 3rd period - Jack Johnson is hit by Antoine Vermette and loses puck.
19:33 of 3rd period - Icing by Antoine Vermette.
19:34 of 3rd period - Henrik Sedin wins face-off versus Jordan Staal in Thrashers zone.
19:34 of 3rd period - Henrik Sedin is hit by Ryan Suter.
19:39 of 3rd period - Henrik Sedin is hit by Marc Staal and loses puck.
19:49 of 3rd period - Owen Nolan is hit by Marc Staal and loses puck.
19:58 of 3rd period - Minor Penalty to Marc Staal for Hooking.
19:59 of 3rd period - Henrik Sedin wins face-off versus Brenden Morrow in Thrashers zone.

Overtime #1

0:01 of 1st overtime period - Daniel Sedin wins face-off versus Antoine Vermette in neutral zone.
0:06 of 1st overtime period - Shot by Daniel Sedin.
0:06 of 1st overtime period - Shot Blocked by Christian Ehrhoff.
0:19 of 1st overtime period - Icing by Daniel Sedin.
0:20 of 1st overtime period - Henrik Sedin wins face-off versus Jordan Staal in Flames zone.
0:29 of 1st overtime period - Shot by Daniel Sedin.
0:29 of 1st overtime period - Stopped by Roberto Luongo with a rebound.
0:50 of 1st overtime period - Icing by Dan Boyle.
0:51 of 1st overtime period - Antoine Vermette wins face-off versus Henrik Sedin in Flames zone.
2:31 of 1st overtime period - Off-side.
2:32 of 1st overtime period - Antoine Vermette wins face-off versus Marco Sturm in neutral zone.
2:59 of 1st overtime period - Shot by Jordan Staal.
2:59 of 1st overtime period - Shot Misses the Net.
3:01 of 1st overtime period - Shot by Marc Staal.
3:01 of 1st overtime period - Shot Misses the Net.
3:27 of 1st overtime period - Shot by Mike Ribeiro.
3:27 of 1st overtime period - Goal by Mike Ribeiro - Thrashers : 4 - Flames : 3.


Output by the SimonT Hockey Simulator (STHS) for Stephane Roy -- Original Page W3C XHTML 1.0 Valid